 Dungeon Crawl Stone Soup version 0.30-a0-743-gbfdf073431 (webtiles) character file.

Game seed: 143086548728694674

76 DeathSun the Ruffian (level 4, -1/35 HPs)
             Began as a Draconian Transmuter on Feb 7, 2023.
             Slain by a black bear (7 damage)
             ... on level 3 of the Dungeon.
             The game lasted 00:02:29 (1499 turns).

DeathSun the Ruffian (Draconian Transmuter)         Turns: 1499, Time: 00:02:29

Health: -1/35      AC:  6    Str: 15    XL:     4   Next: 12%
Magic:  6/7        EV: 12    Int: 13    God:
Gold:   78         SH:  0    Dex: 11    Spells: 6/7 levels left

rFire   . . .      SeeInvis .      - Unarmed
rCold   . . .      Faith    .    (no shield)
rNeg    . . .      Spirit   .    (body armour unavailable)
rPois   .          Reflect  .    (helmet currently unavailable)
rElec   .          Harm     .    (no cloak)
rCorr   .          Rampage  .    n - +0 pair of gloves
Will    .....                    (boots currently unavailable)
Stlth   +                        (no amulet)
HPRegen 0.25/turn                (no ring)
MPRegen 0.10/turn                (no ring)

@: appendages (expiring)
A: horns 2, talons 2, AC +5, unfitting armour, cold-blooded
a: End Transformation


You were on level 3 of the Dungeon.
You had temporarily grown beastly horns and talons.
You visited 1 branch of the dungeon, and saw 3 of its levels.

You collected 78 gold pieces.

Inventory:

Missiles
 k - 6 poisoned darts (quivered)
Armour
 n - a +0 pair of gloves (worn)
Scrolls
 b - a scroll of silence {unknown}
 e - 3 scrolls of identify {unknown}
 f - a scroll of immolation {unknown}
 g - a scroll of enchant armour {unknown}
 j - a scroll of fear {unknown}
 o - a scroll of amnesia {unknown}
Potions
 a - 3 potions of lignification
 c - a potion of might {unknown}
 d - 2 potions of curing {unknown}
 h - a potion of magic {unknown}
 i - a potion of resistance {unknown}
 l - a potion of brilliance {unknown}
 m - a potion of heal wounds {unknown}


   Skills:
 - Level 1.1 Fighting
 - Level 1.7 Dodging
 * Level 4.5 Unarmed Combat
 - Level 2.0 Spellcasting
 + Level 2.9 Transmutations


You had 6 spell levels left.
You knew the following spells:

 Your Spells              Type           Power      Damage    Failure   Level
a - Beastly Appendage     Tmut           16%        N/A       8%          1

Your spell library contained the following spells:

 Spells                   Type           Power      Damage    Failure   Level
 Wereblood                Tmut           8%         N/A       12%         2
 Spider Form              Tmut/Pois      5%         N/A       38%         3
 Ice Form                 Ice/Tmut       5%         N/A       80%         4


Dungeon Overview and Level Annotations

Branches:
Dungeon (3/15)

Altars:
Fedhas


Innate Abilities, Weirdness & Mutations

You have temporarily grown beastly horns and talons.
Your plain brown scales are hard. (AC +5)
You cannot fit into any form of body armour.
You are cold-blooded and may be slowed by cold attacks.


Message History

You hit the black bear.
You tail-slap the black bear, but do no damage.
The black bear is moderately wounded.
The black bear bites you. The black bear barely misses you.
The black bear claws you but does no damage.
Casting: Beastly Appendage (safe; 8% risk of failure)
Confirm with . or Enter, or press ? or * to list all spells.
You grow a pair of large bovine horns.
Your feet morph into talons.
The black bear bites you.
The black bear claws you but does no damage. x2
You hit the black bear but do no damage.
You claw the black bear.
You headbutt the black bear, but do no damage.
The black bear is severely wounded.
The black bear closely misses you. The black bear misses you.
The black bear barely misses you.
You hit the black bear.
You claw the black bear, but do no damage.
The black bear is severely wounded.
The black bear barely misses you. The black bear misses you.
The black bear barely misses you.
You closely miss the black bear.
You claw the black bear, but do no damage.
The black bear is severely wounded.
You hit the black bear. Your kick misses the black bear.
Your headbutt misses the black bear.
Your tail-slap misses the black bear.
The black bear is severely wounded.
The black bear goes berserk!
You closely miss the black bear.
The black bear is severely wounded.
The black bear bites you!
* * * LOW HITPOINT WARNING * * *
The black bear claws you but does no damage.
The black bear barely misses you. x2; The black bear completely misses you.
The black bear misses you.
You hit the black bear. You headbutt the black bear.
The black bear is almost dead.
Your transformation is almost over.
The black bear bites you!
You die...

... ##### ... ....
....#####..###
.............###
.....#.......>.#
........)......#
......h@.......#
#.....)........#
...####.....#.##
##..#######...#
#...........###
#.............# .#
##..........##.#
..##......#######.#######
#...#......#.....#.......#


You could see a black bear (berserk).

Vanquished Creatures
  2 adders (D:2)
  A worm (D:2)
  2 dart slugs (D:1)
  6 ball pythons
  4 endoplasms
  2 giant cockroaches (D:1)
  8 goblins
  5 hobgoblins
  4 quokkas
  3 bats
  5 kobolds
  4 rats
46 creatures vanquished.

Notes
Turn   | Place    | Note
-------+----------+-------------------------------------------
     0 | D:1      | DeathSun the Draconian Transmuter began the quest for the
                  | Orb.
     0 | D:1      | Reached XP level 1. HP: 16/16 MP: 3/3
    85 | D:1      | Found a faded altar of an unknown god.
   223 | D:1      | Reached XP level 2. HP: 20/23 MP: 3/5
   411 | D:1      | Reached XP level 3. HP: 26/28 MP: 4/6
   785 | D:2      | Reached skill level 4 in Unarmed Combat
  1167 | D:2      | Reached XP level 4. HP: 34/35 MP: 5/7
  1434 | D:3      | Found a blossoming altar of Fedhas.
  1483 | D:3      | Noticed a black bear
  1499 | D:3      | Slain by a black bear

Illustrated notes

Levels and vault maps discovered:
D:1:      scummos_arrival_simple_crosswalls, layout_rooms,
          ebering_ecumenical_altar_petrified, minmay_ruptured
D:2:      layout_basic, nicolae_titane
D:3:      cheibrodos_helix_gallery, layout_rooms, mainiacjoe_overflow_alcove_2,
          minmay_misc_feat_x

Skill      XL: |  1  2  3 |
---------------+----------+-----
Unarmed Combat | 4 |  4.5
Fighting       | |  1.1
Dodging        | |  1.7
Spellcasting   | |  2.0
Transmutations | |  2.9

Action                     |  1- 3 |  4- 6 || total
---------------------------+-------+-------++-------
  Melee: Unarmed           |    88 |    17 ||   105
         Kick              |    20 |     3 ||    23
         Headbutt          |    20 |     2 ||    22
         Tailslap          |     2 |     2 ||     4
   Cast: Beastly Appendage |    25 |     4 ||    29
 Armour: Skin              |    17 |     6 ||    23
  Dodge: Dodged            |    64 |    14 ||    78

Table legend: (Time is in decaauts)
 A = Elapsed time spent in this place.
 B = Non-inter-level travel time spent in this place.
 C = Inter-level travel time spent in this place.
 D = Time resting spent in this place.
 E = Time spent auto-exploring this place.
 F = Levels seen in this place.
 G = Mean time per level.
                   A        B        C        D        E       F      G
               +--------+--------+--------+--------+--------+-----+--------+
         Total |   1492 |   1445 |     47 |      0 |   1140 |   3 |  497.3 |
       Dungeon |   1492 |   1445 |     47 |      0 |   1140 |   3 |  497.3 |
               +--------+--------+--------+--------+--------+-----+--------+

Top non-repeatable levels by time:
     D:2: 714 daAuts
     D:1: 692 daAuts
     D:3: 85 daAuts
